AoeStats
← djrocalito

Arena

510333124Analyzed
2v2 RM · 2d ago on Sep 30, 2026· 60m 59s· 4 players
Game mode
Random Map
Map size
Medium (4 player)
Population
200
Speed
Normal
Resources
Standard
Victory
Conquest
Starting age
Dark Age
Ending age
Imperial Age
RankedLock teamsTeams togetherTeam positionsShared explorationLock speedFull tech treeHidden civsTurbo modeCheats
Victory
Defeat
🇷🇴 Vietnamese · Romania
880
+14
🇪🇸 Khitans · Spain
821
+16
🇨🇱 Portuguese · Chile
845
-32
🇨🇱 Celts · Chile
821
-15
Tao Pai Pai
10:46 Feudal Age
11:09 Horse Collar
17:46 Castle Age
16:00 Double-Bit Axe
16:53 Arson
18:29 Forging
18:23 Scale Mail Armor
21:02 Murder Holes
22:40 Fletching
24:08 Gold Mining
24:41 Bow Saw
25:49 Stronghold
29:43 Bodkin Arrow
30:24 Iron Casting
30:27 Heavy Plow
34:43 Imperial Age
33:28 Chain Mail Armor
35:18 Wheelbarrow
36:04 Hand Cart
35:54 Stone Mining
36:42 Gold Shaft Mining
37:14 Blast Furnace
36:50 Conscription
38:52 Stone Shaft Mining
39:58 Plate Mail Armor
41:24 Caravan
41:00 Elite Woad Raider
44:38 Scale Barding Armor
44:19 Cavalier
45:00 Husbandry
45:23 Paladin
50:10 Chain Barding Armor
59:05 Ballistics
59:45 Chemistry
CuchoLambreta
10:48 Feudal Age
11:52 Double-Bit Axe
18:22 Castle Age
19:16 Bow Saw
19:23 Gold Mining
20:00 Horse Collar
26:51 Imperial Age
29:23 Chemistry
28:45 Ballistics
29:49 Two-Man Saw
28:57 Heavy Plow
31:07 Thumb Ring
32:00 Wheelbarrow
33:01 Thumb Ring
42:26 Hand Cart
42:57 Murder Holes
46:38 Padded Archer Armor
djrocalito
9:03 Feudal Age
10:41 Double-Bit Axe
11:38 Domestication
12:59 Wheelbarrow
16:49 Castle Age
16:09 Stone Mining
20:41 Bow Saw
29:05 Imperial Age
28:32 Forging
28:23 Scale Mail Armor
29:28 Hand Cart
44:22 Ordo Cavalry
43:43 Light Cavalry
44:25 Husbandry
44:33 Scale Barding Armor
45:04 Iron Casting
44:46 Chain Mail Armor
44:47 Hussar
46:23 Caravan
46:54 Coinage
47:23 Elite Liao Dao
48:52 Lamellar Armor
51:21 Plate Mail Armor
50:40 Pikeman
52:28 Elite Fire Lancer
54:55 Chain Barding Armor
Scottish
8:56 Loom
10:48 Feudal Age
11:17 Double-Bit Axe
11:59 Gold Mining
13:22 Loom
17:45 Castle Age
17:03 Horse Collar
18:48 Bow Saw
21:50 Stone Mining
24:50 Wheelbarrow
25:15 Hand Cart
24:55 Crossbowman
27:00 Fletching
30:55 Imperial Age
28:28 Bodkin Arrow
30:01 Chatras
30:15 Bloodlines
30:48 Ballistics
30:40 Masonry
31:56 Padded Archer Armor
32:14 Caravan
34:28 Leather Archer Armor
34:16 Scale Mail Armor
35:25 Paper Money
36:10 Two-Man Saw
35:49 Stone Shaft Mining
35:23 Husbandry
35:46 Murder Holes
36:26 Scale Barding Armor
36:22 Town Watch
37:23 Bracer
37:42 Heavy Plow
39:16 Chain Barding Armor
39:28 Ring Archer Armor
39:37 Thumb Ring
38:53 Elite Skirmisher
39:25 Elite Battle Elephant
40:29 Elite Rattan Archer
42:40 Chemistry
41:46 Siege Engineers
41:58 Forging
41:42 Imperial Skirmisher
45:03 Hoardings
45:08 Plate Barding Armor
45:37 Iron Casting
46:18 Bombard Tower
46:10 Fortified Wall
45:40 Treadmill Crane
46:25 Bombard Tower
46:16 Fortified Wall
48:33 Chain Mail Armor
49:44 Plate Mail Armor
49:19 Pikeman
49:24 Elite Fire Lancer
50:03 Pikeman
50:47 Squires
50:32 Arson
51:20 Halberdier
57:21 Crossbowman
Connection lost

Rejoining the realm…

Still unreachable

The connection could not be restored.

Session expired

The server has moved on; the page needs a fresh start.